 Dungeon Crawl Stone Soup version 0.31-a0-459-gc8a9bf3d51 (webtiles) character file.

Game seed: 14383731997339027637

68 MacCMillion the Ruffian (level 4, -2/38 HPs)
             Began as a Draconian Shapeshifter on Aug 4, 2023.
             Killed from afar by Ijyb (9 damage)
             ... with a puff of flame
             ... on level 3 of the Dungeon.
             The game lasted 00:02:45 (1985 turns).

MacCMillion the Ruffian (Draconian Shapeshifter)    Turns: 1985, Time: 00:02:46

Health: -2/38      AC:  5    Str: 19    XL:     4   Next: 1%
Magic:  4/4        EV: 12    Int:  8    God:
Gold:   89         SH:  0    Dex: 12    Spells: 3/3 levels left

rFire   . .          .
                       - Unarmed
rCold   . . .        (no shield)
rNeg    . . .        (body armour unavailable)
rPois   .            (helmet currently unavailable)
rElec   .            (cloak currently unavailable)
rCorr   +            (gloves currently unavailable)
SInv    .            (boots currently unavailable)
Will    .....        (no amulet)
Stlth   +            g - ring of resist corrosion
HPRegen 0.26/turn    (no ring)
MPRegen 0.09/turn

%: no passive effects
@: beast-form
A: beast (slay +2), AC +5, unfitting armour, cold-blooded
a: Begin Untransformation


You were on level 3 of the Dungeon.
You were a hulking beast.
You visited 1 branch of the dungeon, and saw 3 of its levels.

You collected 89 gold pieces.

Inventory:

Missiles
 m - a throwing net
Jewellery
 g - a ring of resist corrosion (left hand)
Talismans
 b - a beast talisman (active)
Scrolls
 c - a scroll of identify {unknown}
 d - 4 scrolls of noise {unknown}
 e - a scroll of enchant weapon {unknown}
 h - a scroll of enchant armour {unknown}
 j - a scroll of amnesia {unknown}
Potions
 a - a potion of lignification
 f - a potion of degeneration {unknown}
 i - a potion of heal wounds {unknown}
 k - a potion of enlightenment {unknown}
 l - a potion of curing {unknown}
 n - a potion of brilliance {unknown}
 o - a potion of haste {unknown}


   Skills:
 + Level 3.1 Fighting
 - Level 1.7 Dodging
 + Level 4.0 Unarmed Combat
 - Level 3.0 Shapeshifting


You had 3 spell levels left.
You didn't know any spells.
Your spell library was empty.

Dungeon Overview and Level Annotations

Branches:
Dungeon (3/15)

Altars:
Zin

Shops:
D:3 :((*

Annotations:
D:2 1 runed translucent door, Crazy Yiuf
D:3 Ijyb


Innate Abilities, Weirdness & Mutations

You are a hulking beast.
Your limbs bulge with bestial killing power. (Slay +2)
Your plain brown scales are hard. (AC +5)
You cannot fit into any form of body armour.
You are cold-blooded and may be slowed by cold attacks.


Message History

Ijyb is lightly wounded.
Ijyb closely misses you.
A gnoll comes into view. It is wielding a +0 whip.
The gnoll shouts!
You hit Ijyb. You tail-slap Ijyb.
Ijyb is heavily wounded.
You hear an angry hiss.
Ijyb zaps a wand.
The puff of flame hits you!
You hear a shout!
You hit Ijyb but do no damage.
Ijyb is heavily wounded.
Ijyb hits you with a +0 dagger.
You hit Ijyb.
Ijyb is heavily wounded.
Ijyb screams, "Die!"
Ijyb closely misses you.
You hit Ijyb. You tail-slap Ijyb.
Ijyb is severely wounded.
Ijyb barely misses you.
You closely miss Ijyb.
Ijyb is severely wounded.
An adder comes into view.
Ijyb zaps a wand.
The puff of flame hits you.
You closely miss Ijyb.
Ijyb is severely wounded.
Ijyb zaps a wand.
The puff of flame hits you!
You barely miss Ijyb.
Ijyb is heavily wounded.
You hit Ijyb.
Ijyb is severely wounded.
Ijyb hits you but does no damage.
You barely miss Ijyb.
Ijyb is severely wounded.
Ijyb screams, "Level is mine!
All mine!"
Ijyb zaps a wand.
The puff of flame hits you!
* * * LOW HITPOINT WARNING * * *
You hit Ijyb. You tail-slap Ijyb.
Ijyb is almost dead.
Ijyb zaps a wand.
The puff of flame hits you!
You die...

#.#.# ##.....##
#.#..## ##.......##
#.#.....####.........#
...........'.........+
#.###.(.####.........#
#.......# ##.......##
#######.# ##.....##
#.# ##...## #h# ##+##
#g# #g# #S# #.# #.#
#.( ###


You could see Ijyb, a gnoll and an adder.

Vanquished Creatures
  An adder (D:3)
  2 dart slugs
  5 orcs (D:3)
  5 endoplasms
  3 giant cockroaches
  4 goblins
  A hobgoblin (D:1)
  3 quokkas
  6 ball pythons
  5 bats
  3 frilled lizards
  6 kobolds
  3 rats
47 creatures vanquished.

Notes
Turn   | Place    | Note
-------+----------+-------------------------------------------
     0 | D:1      | MacCMillion the Draconian Shapeshifter began the quest for
                  | the Orb.
     0 | D:1      | Reached XP level 1. HP: 16/16 MP: 1/1
   159 | D:1      | Reached XP level 2. HP: 24/24 MP: 2/2
   622 | D:2      | Found a runed translucent door.
   623 | D:2      | Noticed Crazy Yiuf
   706 | D:2      | Reached XP level 3. HP: 25/30 MP: 3/3
   870 | D:2      | Found a glowing silver altar of Zin.
  1517 | D:3      | Found Vusil's Book Shoppe.
  1613 | D:3      | Found Ylacs's Antique Weapon Boutique.
  1737 | D:3      | Found Hider's Assorted Antiques.
  1779 | D:3      | Reached skill level 4 in Unarmed Combat
  1878 | D:3      | Found Ziasoets's Weapon Shop.
  1945 | D:3      | Reached XP level 4. HP: 37/38 MP: 4/4
  1971 | D:3      | Noticed Ijyb
  1985 | D:3      | Killed from afar by Ijyb

Illustrated notes

Levels and vault maps discovered:
D:1:      spicycebolla_arrival_ecumenical, layout_basic,
          chequers_serial_rivers_micro_d
D:2:      layout_basic, basic_altar, minmay_cupped, uniq_crazy_yiuf_cottage
D:3:      layout_loops_corners, gammafunk_temple_overflow_elements,
          serial_shops, nicolae_shop_tiny_statue_garden, shop, shop, shop,
          uniq_ijyb

Skill      XL: |  1  2  3 |
---------------+----------+-----
Fighting       | 2 3 |  3.1
Unarmed Combat | 4 |  4.0
Dodging        | |  1.7
Shapeshifting  | |  3.0

Action                     |  1- 3 |  4- 6 || total
---------------------------+-------+-------++-------
  Melee: Unarmed           |   108 |    11 ||   119
         Tailslap          |    10 |     3 ||    13
         Punch             |     4 |       ||     4
   Stab: Distracted        |     1 |       ||     1
         Sleeping          |     3 |       ||     3
 Armour: Skin              |    28 |     1 ||    29
  Dodge: Dodged            |    58 |     4 ||    62

Table legend: (Time is in decaauts)
 A = Elapsed time spent in this place.
 B = Non-inter-level travel time spent in this place.
 C = Inter-level travel time spent in this place.
 D = Time resting spent in this place.
 E = Time spent auto-exploring this place.
 F = Levels seen in this place.
 G = Mean time per level.
                   A        B        C        D        E       F      G
               +--------+--------+--------+--------+--------+-----+--------+
         Total |   1978 |   1890 |     88 |     70 |   1502 |   3 |  659.3 |
       Dungeon |   1978 |   1890 |     88 |     70 |   1502 |   3 |  659.3 |
               +--------+--------+--------+--------+--------+-----+--------+

Top non-repeatable levels by time:
     D:2: 988 daAuts
     D:1: 577 daAuts
     D:3: 412 daAuts
